 Dungeon Crawl Stone Soup version 0.23.2 (webtiles) character file.

Game seed: 7571620858281289678

175 myga the Stinger (level 5, 0/28 HPs)
             Began as a Tengu Venom Mage on Apr 7, 2019.
             Was an Initiate of Fedhas.
             Slain by a leopard gecko (1 damage)
             ... on level 3 of the Dungeon.
             The game lasted 00:12:07 (2288 turns).

myga the Stinger (Tengu Venom Mage)                 Turns: 2288, Time: 00:12:08

Health: 0/28       AC:  2    Str: 10    XL:     5   Next: 55%
Magic:  7/10       EV: 13    Int: 15    God:    Fedhas [......]
Gold:   141        SH:  0    Dex: 14    Spells: 3/9 levels left

rFire    . . .     SeeInvis .     - Unarmed
rCold    . . .     Gourm    .   (no shield)
rNeg     . . .     Faith    .   l - +0 robe
rPois    .         Spirit   .   (helmet restricted)
rElec    .         Reflect  .   (no cloak)
rCorr    .         Harm     .   (no gloves)
MR       .....                  (boots unavailable)
Stlth    ++........             (no amulet)
HPRegen  0.09/turn              (no ring)
MPRegen  0.12/turn              (no ring)

@: lethally poisoned (0 -> -3)
A: beak, talons 3, able to fly
a: Fly, Fungal Bloom, Renounce Religion


You were on level 3 of the Dungeon.
You worshipped Fedhas.
Fedhas was noncommittal.
You were hungry.

You visited 1 branch of the dungeon, and saw 3 of its levels.

You collected 141 gold pieces.

Inventory:

Missiles
 h - 38 arrows
 n - a throwing net (quivered)
Armour
 l - a +0 robe (worn)
Scrolls
 b - a scroll of noise
 e - a scroll of remove curse {unknown}
 f - a scroll of teleportation
 i - a scroll of identify {unknown}
 j - a scroll of enchant weapon
 k - a scroll of amnesia {unknown}
Comestibles
 c - 7 rations


   Skills:
 + Level 0.2 Fighting
 + Level 2.4 Dodging
 + Level 2.8 Stealth
 + Level 2.4 Unarmed Combat
 + Level 2.8 Spellcasting
 + Level 2.9 Conjurations
 + Level 0.2 Air Magic
 + Level 3.9 Poison Magic


You had 3 spell levels left.
You knew the following spells:

 Your Spells              Type           Power        Failure   Level  Hunger
a - Sting                 Conj/Pois      ##..         4%          1    #......
b - Poisonous Vapours     Pois/Air       #.....       13%         2    ##.....
c - Mephitic Cloud        Conj/Pois/Air  #.......     24%         3    ###....

Your spell library contained the following spells:

 Spells                   Type           Power        Failure   Level  Hunger
 Olgreb's Toxic Radiance  Pois           ##......     38%         4    #####..
 Venom Bolt               Conj/Pois      ##........   80%         5    ######.


Dungeon Overview and Level Annotations

Branches:
Dungeon (3/15)

Altars:
Fedhas
Ru


Innate Abilities, Weirdness & Mutations

You have a beak for a mouth.
You have claws for feet.
You can fly continuously.


Message History

You kill the adder!
* * * LOW HITPOINT WARNING * * *
You feel sick.
You barely miss the leopard gecko.
You aren't carrying any potions.
Okay, then.
You hit the leopard gecko. Your kick misses the leopard gecko.
The leopard gecko is moderately wounded.
* * * LOW HITPOINT WARNING * * *
You feel sick. The leopard gecko bites you.
* * * LOW HITPOINT WARNING * * *
The leopard gecko barely misses you.
You barely miss the leopard gecko.
The leopard gecko is moderately wounded.
The leopard gecko closely misses you.
You hit the leopard gecko. Your kick misses the leopard gecko.
The leopard gecko is heavily wounded.
The leopard gecko bites you.
You die...
Fedhas appreciates your contribution to the ecosystem.

### ################.#
.....S.........#.#
####.............#
#.#########.#.########
####†##..................
.....##.######.........#
.....# ###l#####.# .....#
######@## .....#
#.......# .....#
.###.......####
....................>#
.....##........)...###
....## ####........#
..... ............###
.....# ####..........#
###+#..#.###


You could see a leopard gecko.

Vanquished Creatures
  Natasha (D:3)
  3 gnolls (D:2)
  5 adders
  2 worms
  7 dart slugs
  4 leopard geckos
  A ball python (D:1)
  5 bats
  3 giant cockroaches (D:2)
  5 hobgoblins
  2 jackals (D:1)
  3 kobolds
  2 quokkas (D:3)
  3 frilled lizards
  8 goblins
  5 rats (D:1)
59 creatures vanquished.

Notes
Turn   | Place    | Note
-------+----------+-------------------------------------------
     0 | D:1      | myga the Tengu Venom Mage began the quest for the Orb.
     0 | D:1      | Reached XP level 1. HP: 10/10 MP: 4/4
   138 | D:1      | Reached XP level 2. HP: 15/15 MP: 4/6
   397 | D:1      | Learned a level 2 spell: Poisonous Vapours
   537 | D:1      | Reached XP level 3. HP: 19/19 MP: 2/7
   835 | D:2      | Learned a level 3 spell: Mephitic Cloud
   963 | D:2      | Reached skill level 1 in Unarmed Combat
   965 | D:2      | Reached XP level 4. HP: 3/24 MP: 6/8
  1766 | D:2      | Gained mutation: You can fly continuously. [Tengu growth]
  1766 | D:2      | Reached XP level 5. HP: 25/28 MP: 5/10
  1833 | D:2      | Found a sacrificial altar of Ru.
  2050 | D:2      | Found a blossoming altar of Fedhas.
  2066 | D:2      | Became a worshipper of Fedhas Madash
  2219 | D:3      | Noticed Natasha
  2237 | D:3      | Killed Natasha
  2275 | D:3      | HP: 1/28 [adder (5)]
  2286 | D:3      | HP: 1/28 [leopard gecko (2)]
  2288 | D:3      | Slain by a leopard gecko

Skill      XL: |  1  2  3  4 |
---------------+-------------+-----
Conjurations   | 2 |  2.9
Unarmed Combat | 1 2 |  2.4
Fighting       | |  0.2
Dodging        | |  2.4
Stealth        | |  2.8
Spellcasting   | |  2.8
Air Magic      | |  0.2
Poison Magic   | |  3.9

Action                   |  1- 3 |  4- 6 || total
-------------------------+-------+-------++-------
Melee: Unarmed           |    55 |    96 ||   151
       Kick              |    13 |    16 ||    29
       Peck              |     5 |     9 ||    14
 Cast: Sting             |    31 |    22 ||    53
       Poisonous Vapours |     1 |       ||     1
       Mephitic Cloud    |     1 |     3 ||     4
  Use: Potion            |     2 |     2 ||     4
       Scroll            |     2 |     1 ||     3
 Stab: Sleeping          |     2 |     3 ||     5
  Eat: Chunk             |       |     5 ||     5
Armor: Robe              |     3 |     5 ||     8
Dodge: Dodged            |    39 |    57 ||    96
